 Dungeon Crawl Stone Soup version 0.22-a0-136-g83a10e5 (webtiles) character file.

318 varam the Chopper (level 6, 0/51 HPs)
             Began as a Hill Orc Fighter on Feb 4, 2018.
             Killed by divine providence
             ... invoked by an orc priest
              (13 damage)
             ... on level 4 of the Dungeon.
             The game lasted 00:04:41 (3586 turns).

varam the Chopper (Hill Orc Fighter)                Turns: 3586, Time: 00:04:41

Health: 0/51       AC:  6    Str: 19    XL:     6   Next: 45%
Magic:  6/6        EV:  7    Int: 15    God:
Gold:   66         SH:  9    Dex: 10    Spells: 5/5 levels left

rFire    . . .     SeeInvis .   a - +0 war axe
rCold    . . .     Gourm    .   c - +0 shield
rNeg     + . .     Faith    .   b - +0 scale mail
rPois    +         Spirit   .   (no helmet)
rElec    .         Reflect  .   (no cloak)
rCorr    .         Harm     .   (no gloves)
MR       .....                  (no boots)
Stlth    ..........             (no amulet)
HPRegen  0.17/turn              p - ring of positive energy
MPRegen  0.10/turn              v - ring of Nepaible {rPois Int+5}

@: no status effects
A: no striking features
a: Convert to Beogh


You were on level 4 of the Dungeon.
You were hungry.

You visited 1 branch of the dungeon, and saw 4 of its levels.

You collected 66 gold pieces.

Inventory:

Hand Weapons
 a - a +0 war axe (weapon)
Armour
 b - a +0 scale mail (worn)
 c - a +0 shield (worn)
Jewellery
 p - a ring of positive energy (left hand)
 q - an uncursed ring of flight
 v - the ring of Nepaible (right hand) {rPois Int+5}
   (You found it on level 4 of the Dungeon)

   [ring of intelligence]

   It affects your intelligence (+5).
   It protects you from poison.
Scrolls
 i - 2 scrolls of immolation {unknown}
 j - a scroll of teleportation
 k - 2 scrolls of identify {unknown}
 m - a scroll of random uselessness {unknown}
 n - a scroll of magic mapping {unknown}
 r - 2 scrolls of enchant armour {unknown}
 s - a scroll of fog {unknown}
 w - a scroll of blinking
Potions
 d - a potion of might
 e - a potion of curing {unknown}
 g - a potion of ambrosia {unknown}
 h - a potion of mutation {unknown}
 l - a potion of magic {unknown}
 u - a potion of heal wounds {unknown}
Books
 t - a book of Necromancy

   Spells                             Type                      Level
   a - Pain                           Necromancy                   1
   b - Animate Skeleton               Necromancy                   1
   c - Vampiric Draining              Necromancy                   3
   d - Regeneration                   Charms/Necromancy            3
   e - Animate Dead                   Necromancy                   4
Comestibles
 f - 5 rations
 o - 4 chunks of flesh


   Skills:
 - Level 3.6 Fighting
 * Level 7.3 Axes
 - Level 3.2 Armour
 + Level 5.1 Shields


You had 5 spell levels left.
You didn't know any spells.

Dungeon Overview and Level Annotations

Branches:
Dungeon (4/15)
 Temple: D:4-7

Altars:
Dithmenos
Nemelex Xobeh

Annotations:
D:3 wintastic's ghost, amateur DDFi


Message History

Beogh smites you!
You closely miss the orc priest.
Your scale mail prevents you from hitting the orc.
You are feeling hungry.
The orc closely misses you.
The orc priest calls upon Beogh to heal the orc.
The orc's wounds heal themselves!
You block the orc's attack.
You hit the orc priest but do no damage.
You barely miss the orc. You block the orc priest's attack.
The orc hits you but does no damage.
You hit the orc priest but do no damage.
The orc priest shouts, "Join the one true god or die!"
The orc priest hits you with a flail of protection.
You barely miss the orc priest.
The orc priest hits you with a flail of protection.
You barely miss the orc priest.
The orc priest shouts, "Join the one true god or die!"
The orc priest invokes the aid of Beogh against you.
Beogh smites you!
You die...

######.+....####
##....#.#...(....
...⌠.⌠#.####.###.
...._...####'###.
...⌠.⌠........... ##
#.#............. .#####<
.##.#.........#
.......###.##.#.##......#
......oo@..##.#.##......#
......###.....#.##+######
>.... #..##........#.<)
.... #..##........#)##
####.####..##........#)#
#.......##........#.#
#####...............##
#.................
#............>....


You could see an orc priest and an orc.

Vanquished Creatures
  An ogre (D:4)
  A scorpion (D:4)
  An orc priest (D:4)
  A worker ant (D:4)
  6 adders
  2 oozes
  2 worms (D:2)
  A dart slug (D:1)
  6 orcs
  A ball python (D:1)
  3 giant cockroaches
  4 goblins
  3 hobgoblins
  3 jackals (D:2)
  11 bats
  4 frilled lizards
  6 kobolds
  10 rats
66 creatures vanquished.

Notes
Turn   | Place    | Note
-------+----------+-------------------------------------------
     0 | D:1      | varam the Hill Orc Fighter began the quest for the Orb.
     0 | D:1      | Reached XP level 1. HP: 19/19 MP: 1/1
    32 | D:1      | Reached skill level 3 in Axes
   199 | D:1      | Reached XP level 2. HP: 26/26 MP: 2/2
   575 | D:1      | Reached skill level 4 in Axes
   633 | D:1      | Reached XP level 3. HP: 31/31 MP: 3/3
  1454 | D:2      | Reached skill level 4 in Shields
  1460 | D:2      | Reached XP level 4. HP: 26/39 MP: 4/4
  1505 | D:2      | Reached skill level 5 in Axes
  1841 | D:2      | Found a shadowy altar of Dithmenos.
  2193 | D:3      | Noticed wintastic's ghost (amateur DDFi)
  2283 | D:4      | Noticed a phantom
  2283 | D:4      | Noticed a phantom
  2543 | D:3      | HP: 1/39 [orc priest/divine providence (12)]
  3059 | D:4      | Reached XP level 5. HP: 17/45 MP: 5/5
  3247 | D:4      | Noticed an ogre
  3259 | D:4      | Killed an ogre
  3259 | D:4      | Reached skill level 6 in Axes
  3264 | D:4      | Reached skill level 7 in Axes
  3264 | D:4      | Reached skill level 5 in Shields
  3264 | D:4      | Reached XP level 6. HP: 24/51 MP: 6/6
  3439 | D:4      | Found a sparkling altar of Nemelex Xobeh.
  3460 | D:4      | Got a translucent pewter ring
  3471 | D:4      | Identified the ring of Nepaible {rPois Int+5} (You found it on level 4 of the Dungeon)
  3586 | D:4      | Killed from afar by an orc priest

Vault maps used:
D:1:      roderic_dead_forest, minmay_misc_feat_square, corexii_corridor_pit,
          serial_bayou_lagoon_b
D:2:      lemuel_doored_altar, first_ration
D:3:      tgw_fedhas, grunt_ministairs_15, uniq_natasha
D:4:      lemuel_crystal_altar, nemelex_xobeh_ov_fountains_minmay

Skill      XL: |  1  2  3  4  5 |
---------------+----------------+-----
Axes           | 3 4 5 7 |  7.3
Shields        | 4 5 |  5.1
Fighting       | |  3.6
Armour         | |  3.2

Action                   |  1- 3 |  4- 6 || total
-------------------------+-------+-------++-------
Melee: War axe           |   123 |   130 ||   253
  Use: Scroll            |     3 |     1 ||     4
       Potion            |       |     1 ||     1
  Eat: Chunk             |     2 |     3 ||     5
       Ration            |       |     1 ||     1
Armor: Scale mail        |    65 |    47 ||   112
Dodge: Dodged            |    43 |    37 ||    80
Block: Shield            |    65 |    65 ||   130

Table legend:
 A = Spawn XP
 B = Non-spawn XP
 C = Spawn XP percentage of total XP
 D = Spawn monster count
 E = Non-spawn monster count
 F = Spawn count percentage of total count
 G = Total turns spent on level
                    A         B        C        D         E        F      G
               +---------+---------+-------+---------+---------+-------+---------
         Total |       0 |     455 |   0.0 |       0 |      66 |   0.0 |  3586
               +---------+---------+-------+---------+---------+-------+---------
           D:1 |       0 |      45 |   0.0 |       0 |      25 |   0.0 |   934
           D:2 |       0 |      85 |   0.0 |       0 |      23 |   0.0 |  1448
           D:3 |       0 |      20 |   0.0 |       0 |       4 |   0.0 |   167
           D:4 |       0 |     305 |   0.0 |       0 |      14 |   0.0 |  1037
               +---------+---------+-------+---------+---------+-------+---------
